[Event "Live Chess"]
[Site "Chess.com"]
[Date "2023.09.16"]
[Round "-"]
[White "nicolascristiano"]
[Black "ThgDomingues"]
[Result "1-0"]
[WhiteElo "1557"]
[BlackElo "1475"]
[TimeControl "900+5"]
[EndTime "16:22:10 PDT"]
[Termination "nicolascristiano venceu por desistência"]

1. d4 g6 2. Nf3 Bg7 3. c3 d6 4. Bf4 Nf6 5. Nbd2 O-O 6. e4 Nfd7 7. h4 Nc6 8. h5 e5 9. dxe5 dxe5 10. Be3 Nf6 11.
hxg6 fxg6 12. Qb3+ Kh8 13. Bg5 Rb8 14. O-O-O Qe8 15. Bb5 Be6 16. Qa4 a6 17. Bxc6 Qxc6 18. Qxc6 bxc6 19. Nxe5 Nxe4 20. Nxg6+ Kg8 21. Nxf8 Nxg5 22.
Nxe6 Nxe6 23. Ne4 Nf4 24. g3 Ne2+ 25. Kc2 1-0

[Event "Live Chess"]
[Site "Chess.com"]
[Date "2023.09.16"]
[Round "-"]
[White "marqueslua97"]
[Black "MAndrade_Marques"]
[Result "1-0"]
[WhiteElo "1882"]
[BlackElo "1640"]
[TimeControl "900+5"]
[EndTime "16:27:56 PDT"]
[Termination "marqueslua97 venceu por desistência"]

1. e4 e5 2. Nf3 Nc6 3. Bc4 Bc5 4. O-O d6 5. d3 Nf6 6. Nbd2 O-O 7. Re1 h6 8. Nf1 Be6 9. Bxe6 fxe6 10. c3 a5 11.
Ng3 Ng4 12. d4 exd4 13. cxd4 Nxd4 14. Nxd4 Qf6 15. Be3 Nxe3 16. fxe3 Qf2+ 17. Kh1 Qxb2 18. Nxe6 Rf2 19. Nxc5 Rxg2 20. Qb3+ Qxb3 21. Nxb3 1-0

[Event "Live Chess"]
[Site "Chess.com"]
[Date "2023.09.16"]
[Round "-"]
[White "Ilisunesp"]
[Black "advRafael"]
[Result "1-0"]
[WhiteElo "1550"]
[BlackElo "1686"]
[TimeControl "900+5"]
[EndTime "16:28:26 PDT"]
[Termination "Ilisunesp venceu por desistência"]

1. e4 e6 2. Nf3 d5 3. exd5 exd5 4. d4 Nf6 5. Bd3 Bd6 6. Be3 O-O 7. Nbd2 Bg4 8. h3 Bh5 9. Rg1 Bh2 10. g4 Bxg1 11.
gxh5 Bxf2+ 12. Kxf2 Nxh5 13. Qg1 g6 14. Ne5 Qf6+ 15. Ke2 Nf4+ 16. Bxf4 Qxf4 17. Rf1 Qh6 18. Qg2 Nc6 19. Nxc6 bxc6 20. Kd1 Rab8 21. b3 Qh4 22. Nf3 Qe7 23. Ne5 Qd6 24. h4 Rbe8 25. Ng4 Kg7 26. h5 f5 27. Ne5 Rxe5 28. dxe5 Qxe5 29. Re1 Qf6 30. Rh1 Re8 31. hxg6 hxg6 32. Qh3 Kf7 33. Qh7+ Qg7 34. Kd2 c5 35. Bxf5 gxf5 36. Qxf5+ Kg8 37.
Qxd5+ Qf7 38. Rh8+ 1-0

[Event "Live Chess"]
[Site "Chess.com"]
[Date "2023.09.16"]
[Round "-"]
[White "ThiagoFantim"]
[Black "isiskrakatoa"]
[Result "1-0"]
[WhiteElo "1665"]
[BlackElo "586"]
[TimeControl "900+5"]
[EndTime "16:28:56 PDT"]
[Termination "ThiagoFantim venceu por xeque-mate"]

1. e4 e5 2. f4 Nc6 3. Nf3 exf4 4. d3 d5 5. Bxf4 dxe4 6. dxe4 Qxd1+ 7. Kxd1 Bg4 8. Bxc7 Bxf3+ 9. gxf3 Rc8 10. Bg3 Rd8+ 11. Ke1 Nd4 12. Kd2 Nxf3+ 13. Kc3 Nd4 14. Na3 Bxa3 15.
bxa3 Nf6 16. Rd1 Nxe4+ 17. Kc4 Nxg3 18. hxg3 O-O 19. Rxd4 Rc8+ 20. Kd3 g6 21. Bg2 a5 22. Bxb7 Rc7 23. Bd5 Rd8 24. Bc4 Rcd7 25. Rxd7 Rxd7+ 26. Kc3 Rc7 27. Re1 Kg7 28. Rf1 h5 29. Kd4 Rd7+ 30.
Kc5 Rc7+ 31. Kb5 Re7 32. Bxf7 Rxf7 33. Rxf7+ Kxf7 34. c4 h4 35. gxh4 Ke7 36. Kb6 Kd7 37.
c5 Kc8 38. Kc6 a4 39. Kd6 g5 40. hxg5 Kb7 41. g6 Ka6 42. g7 Kb5 43. g8=Q Ka5 44. Kc6 Ka6 45. Qa8# 1-0

[Event "Live Chess"]
[Site "Chess.com"]
[Date "2023.09.16"]
[Round "-"]
[White "MagnusCarlos1996"]
[Black "Orionchess"]
[Result "0-1"]
[WhiteElo "1010"]
[BlackElo "1793"]
[TimeControl "900+5"]
[EndTime "16:30:27 PDT"]
[Termination "Orionchess venceu por desistência"]

1. e4 c5 2. Nf3 d6 3. Bb5+ Bd7 4. a4 a6 5. Bxd7+ Nxd7 6. O-O Ngf6 7. d3 g6 8. Bg5 Bg7 9. c3 Qb6 10. Qc2 O-O 11.
Nbd2 Qc6 12. Rfe1 b5 13. h3 h6 14. Bf4 Kh7 15. e5 Nd5 16. Bh2 dxe5 17. Nxe5 Nxe5 18.
Bxe5 f6 19. Bg3 e5 20. Ra2 b4 21. c4 Ne7 22. b3 Nf5 23. Bh2 Nd4 24. Qd1 Rae8 25.
Nf1 f5 26. Ne3 e4 27. dxe4 Rxe4 28. f3 Re6 29. Nd5 Rxe1+ 30. Qxe1 Re8 31. Qf1 g5 32.
Rd2 f4 33. Kh1 Re3 34. Rd3 Re6 35. Bg1 Ne2 36. Qb1 Kg8 37. Kh2 Ng3 38. Bf2 Ne2 39. Qd1 Nc3 40. Nxc3 bxc3 41. Rd8+ Re8 42. Qd5+ Qxd5 43.
Rxe8+ Kf7 44. cxd5 Kxe8 45. Bxc5 Bf8 46. d6 Kd7 47. Ba3 Bxd6 48. Bc1 Bc5 49. g4 Be3 50. Bxe3 fxe3 51. Kg2 c2 0-1

[Event "Live Chess"]
[Site "Chess.com"]
[Date "2023.09.16"]
[Round "-"]
[White "mariabeatrizandrade"]
[Black "felipeurbano"]
[Result "1-0"]
[WhiteElo "776"]
[BlackElo "1169"]
[TimeControl "900+5"]
[EndTime "16:34:32 PDT"]
[Termination "mariabeatrizandrade venceu por xeque-mate"]

1. e4 e5 2. Nf3 Nc6 3. d4 exd4 4. Nxd4 Bc5 5. Nb3 Bb6 6. Nc3 Nf6 7. Be2 d6 8. O-O O-O 9. Be3 Bxe3 10. fxe3 Re8 11.
Bd3 Bg4 12. Qe1 Ne5 13. Nd5 Nxd5 14. exd5 c6 15. Be4 Nc4 16. dxc6 Rxe4 17. cxb7 Rb8 18. Qf2 Ne5 19. Rad1 Rxb7 20. Rd4 d5 21. Nc5 Rxd4 22.
Nxb7 Qb6 23. exd4 Qxb7 24. dxe5 Qe7 25. Qd4 Be6 26. Rf3 a5 27. Ra3 Qc7 28. Qc3 Qb6+ 29.
Kf1 h6 30. Rb3 Qa6+ 31. Ke1 Bg4 32. Rb8+ Kh7 33. Qd3+ Qxd3 34. cxd3 Kg6 35. d4 Kf5 36. Rb5 Ke4 37. Rxa5 Be6 38. a4 Kxd4 39. Ra8 Kc4 40. Rb8 d4 41. Kd2 g6 42. a5 Kc5 43. a6 Bd5 44. a7 Kc4 45. a8=Q Bxa8 46. Rxa8 Kd5 47. Rc8 Kxe5 48. b4 f5 49. b5 g5 50. b6 f4 51. b7 g4 52. b8=Q+ Ke4 53. Re8+ Kf5 54. Qe5+ Kg6 55. Rf8 f3 56. Qf6+ Kh5 57. Qf5+ Kh4 58. Rh8 fxg2 59. Rxh6# 1-0

[Event "Live Chess"]
[Site "Chess.com"]
[Date "2023.09.16"]
[Round "-"]
[White "isiskrakatoa"]
[Black "Ilisunesp"]
[Result "0-1"]
[WhiteElo "586"]
[BlackElo "1550"]
[TimeControl "900+5"]
[EndTime "16:37:05 PDT"]
[Termination "Ilisunesp venceu por xeque-mate"]

1. e4 c5 2. d4 cxd4 3. Qxd4 Nc6 4. Qe3 e5 5. Nf3 d6 6. Bb5 Nf6 7. c4 Qc7 8. c5 dxc5 9. Bxc6+ bxc6 10. Nc3 Be7 11. Bd2 O-O 12. O-O Ba6 13. Rfe1 Rab8 14.
Rab1 h6 15. Na4 c4 16. Nc5 Bc8 17. Bc3 Ng4 18. h3 Nxe3 19. Rxe3 Bxc5 20. Ree1 f6 21. b4 Bb6 22. g4 Be6 23. Nh4 Rbd8 24. Rbd1 Rxd1 25.
Rxd1 Rd8 26. Rxd8+ Qxd8 27. Nf5 Bxf5 28. gxf5 Qd1+ 29. Kg2 Qd3 30. Be1 Qe2 31. Bc3 Qxf2+ 32. Kh1 Qf3+ 33. Kh2 Bf2 34. h4 Qg3+ 35. Kh1 Qg1# 0-1

[Event "Live Chess"]
[Site "Chess.com"]
[Date "2023.09.16"]
[Round "-"]
[White "Orionchess"]
[Black "mariabeatrizandrade"]
[Result "1-0"]
[WhiteElo "1793"]
[BlackElo "776"]
[TimeControl "900+5"]
[EndTime "16:39:20 PDT"]
[Termination "Orionchess venceu por desistência"]

1. d4 Nf6 2. e3 e6 3. Bd3 d5 4. Nd2 c5 5. c3 c4 6. Bc2 Nc6 7.
f4 Ne4 8. Nxe4 dxe4 9. Bxe4 f5 10.
Bc2 Bd7 11. Nf3 Qe7 12. O-O O-O-O 13. Qe2 Rg8 14. Qxc4 h6 15. Bxf5 exf5 16. Qxg8 Qf6 17. Qc4 g5 18. Ne5 gxf4 19. Nxd7 Rxd7 20. exf4 Bd6 21. d5 Bc5+ 22. Qxc5 b6 23. Qxc6+ Qxc6 24. dxc6 1-0

[Event "Live Chess"]
[Site "Chess.com"]
[Date "2023.09.16"]
[Round "-"]
[White "nicolascristiano"]
[Black "ThiagoFantim"]
[Result "1/2-1/2"]
[WhiteElo "1557"]
[BlackElo "1663"]
[TimeControl "900+5"]
[EndTime "16:40:14 PDT"]
[Termination "Empate por repetição"]

1. d4 d5 2. Nf3 Bf5 3. c3 e6 4.
Bg5 Be7 5. Bxe7 Qxe7 6. Nbd2 Nf6 7. Qb3 c6 8. Nh4 Bg6 9. Nxg6 hxg6 10. Qc2 Nbd7 11.
e4 dxe4 12. Nxe4 Nxe4 13. Qxe4 Nf6 14. Qf3 g5 15. O-O-O Nd5 16. Bc4 b5 17. Bb3 a5 18.
Rde1 a4 19. Bc2 b4 20. c4 b3 21. Bb1 Nb4 22. a3 Na2+ 23. Kd1 O-O 24. Qe4 g6 25. f4 g4 26. h3 g3 27. h4 Rfd8 28. Ke2 c5 29. d5 Qd6 30. h5 exd5 31. Qxd5 Re8+ 32. Kf3 Qxd5+ 33. cxd5 Red8 34. Be4 c4 35. hxg6 fxg6 36.
Bxg6 c3 37. bxc3 Nxc3 38. Re7 Nxd5 39. Rf7 Rab8 40. Rhh7 b2 41. Rhg7+ Kh8 42. Rh7+ Kg8 43. Rfg7+ Kf8 44. Rf7+ Kg8 1/2-1/2

[Event "Live Chess"]
[Site "Chess.com"]
[Date "2023.09.16"]
[Round "-"]
[White "ThgDomingues"]
[Black "MAndrade_Marques"]
[Result "1-0"]
[WhiteElo "1510"]
[BlackElo "1629"]
[TimeControl "900+5"]
[EndTime "16:41:12 PDT"]
[Termination "ThgDomingues venceu por desistência"]

1. e4 e5 2. Bc4 Nc6 3. Nf3 Bc5 4. c3 d6 5. O-O Nf6 6. Re1 O-O 7. d3 h6 8. Nbd2 Be6 9. Bb5 a6 10. Ba4 b5 11.
Bc2 Bb6 12. Nf1 Ne7 13. Ng3 Ng6 14. d4 exd4 15. cxd4 Re8 16. Be3 d5 17. e5 Nd7 18.
Qd2 Nh4 19. Bxh6 Nxf3+ 20. gxf3 Qh4 21. Qg5 Qxh6 22. Qxh6 gxh6 23. Kh1 Bxd4 24. Rg1 Bxf2 25. Rg2 Bxg3 26. Rxg3+ Kh8 27. Rag1 Nxe5 28. f4 Nc4 29. f5 Bd7 30. Rh3 Kh7 31. f6+ Re4 32. Rg7+ 1-0

[Event "Live Chess"]
[Site "Chess.com"]
[Date "2023.09.16"]
[Round "-"]
[White "ppsobral"]
[Black "generalhuxx99silva"]
[Result "0-1"]
[WhiteElo "1047"]
[BlackElo "1517"]
[TimeControl "900+5"]
[EndTime "16:42:30 PDT"]
[Termination "generalhuxx99silva venceu por desistência"]

1. d4 e6 2. Nf3 d5 3. Bf4 c5 4.
e3 Nc6 5. c3 Nf6 6. h3 Be7 7.
Bb5 Qb6 8. Qa4 a6 9. Bxc6+ bxc6 10. O-O O-O 11. Qc2 a5 12. Nbd2 cxd4 13. cxd4 Ba6 14. Rfc1 Rac8 15. e4 Nxe4 16. Nxe4 dxe4 17. Qxe4 Qxb2 18.
Bg5 Bd6 19. Rab1 Qxa2 20. Rb6 f5 21. Qh4 Bb5 22. Rb7 Rc7 23. Rxc7 Bxc7 24. Re1 Re8 25. Ne5 Bxe5 26. dxe5 g6 27. Bf6 Qd2 28. f3 a4 29. Kh2 c5 30. Bg5 Qd4 31. Qh6 c4 32.
Bf6 Qd7 33. Rd1 Qc7 34. Rd6 c3 35. Rd3 Bxd3 36. g4 c2 37. Kg3 c1=Q 38. Bg5 Qg1+ 0-1

[Event "Live Chess"]
[Site "Chess.com"]
[Date "2023.09.16"]
[Round "-"]
[White "L_lawliet_03"]
[Black "MatheusMPD"]
[Result "1-0"]
[WhiteElo "1547"]
[BlackElo "1599"]
[TimeControl "900+5"]
[EndTime "16:43:49 PDT"]
[Termination "L_lawliet_03 venceu por desistência"]

1. d4 Nf6 2. c4 g6 3. Nc3 Bg7 4.
e4 d6 5. Nf3 O-O 6. Be2 c5 7.
O-O cxd4 8. Nxd4 Qb6 9. Nf3 Nc6 10. Qb3 Qxb3 11. axb3 Bg4 12. h3 Bxf3 13. Bxf3 Nd4 14. Bg5 Nxb3 15. Ra3 Nc5 16. Rfa1 h6 17. Bxf6 Bxf6 18.
Rxa7 Rxa7 19. Rxa7 Kg7 20. b4 Nd3 21. Nd5 Bd4 22. Rxb7 Bxf2+ 23. Kf1 Bh4 24. Bg4 e6 25. Bxe6 Be1 26. Bg4 Bg3 27. Rd7 Re8 28. Bf3 Ne5 29. Rc7 Ra8 30. b5 Ra1+ 31. Ke2 Ra2+ 32. Kd1 Nxf3 33.
gxf3 Ra1+ 34. Kc2 Ra3 35. b6 Ra8 36. b7 Rb8 37. Kb3 Bf2 38. Ka4 Bc5 39. Kb5 1-0

[Event "Live Chess"]
[Site "Chess.com"]
[Date "2023.09.16"]
[Round "-"]
[White "isiskrakatoa"]
[Black "mariabeatrizandrade"]
[Result "1-0"]
[WhiteElo "640"]
[BlackElo "693"]
[TimeControl "900+5"]
[EndTime "16:45:27 PDT"]
[Termination "isiskrakatoa venceu por desistência"]

1. e4 e5 2. Nf3 Nf6 3. d3 Nc6 4.
Nc3 Bc5 5. Be3 Bxe3 6. fxe3 O-O 7. Be2 d5 8. O-O d4 9. exd4 exd4 10. Nd5 Be6 11.
Nxf6+ Qxf6 12. c3 Rad8 13. cxd4 Nxd4 14. Nxd4 Rxd4 15. Rxf6 gxf6 16. Qf1 Kh8 17. Qxf6+ Kg8 18. Qxd4 1-0

[Event "Live Chess"]
[Site "Chess.com"]
[Date "2023.09.16"]
[Round "-"]
[White "felipeurbano"]
[Black "MagnusCarlos1996"]
[Result "0-1"]
[WhiteElo "1143"]
[BlackElo "1119"]
[TimeControl "900+5"]
[EndTime "16:49:43 PDT"]
[Termination "MagnusCarlos1996 venceu por xeque-mate"]

1. e4 e5 2. f4 d5 3. Qf3 exf4 4. d3 Qh4+ 5. g3 fxg3 6. Qxg3 Qxg3+ 7. hxg3 dxe4 8. d4 Bf5 9. Bg2 Bd6 10. Ne2 Nf6 11.
Nbc3 Nbd7 12. Bf4 Bxf4 13. Nxf4 O-O-O 14. O-O-O Nb6 15. b3 Nbd5 16. Ncxd5 Nxd5 17. Ne2 Ne3 18. Rdg1 Nxg2 19. Rxg2 Bg4 20. Ng1 Rxd4 21. Rh4 Rd1+ 22. Kb2 Bf5 23. g4 Bg6 24. g5 Rhd8 25. Nh3 R1d2 26.
Rxd2 Rxd2 27. Nf4 e3 28. Rh3 e2 29. Re3 Rxc2+ 30. Ka3 Kd7 31. Nxe2 Rc6 32. Nd4 Ra6+ 33. Kb2 c5 34. Nf3 Re6 35. Rc3 b6 36. Rc1 Ke7 37. Ka3 h6 38. gxh6 gxh6 39. Nh4 h5 40. Ng2 Re2 41.
Nf4 Rf2 42. Nd5+ Kd6 43. Rd1 Bc2 44. Ne3+ Bxd1 45. Nxd1 Rf3 46. Nb2 b5 47. Nd1 h4 48.
Kb2 h3 49. Nc3 Rxc3 50. Kxc3 h2 51. b4 cxb4+ 52. Kxb4 h1=Q 53. a4 bxa4 54. Kxa4 Qb1 55. Ka5 Kc5 56. Ka6 Qb6# 0-1

[Event "Live Chess"]
[Site "Chess.com"]
[Date "2023.09.16"]
[Round "-"]
[White "felipeurbano"]
[Black "mariabeatrizandrade"]
[Result "1-0"]
[WhiteElo "1146"]
[BlackElo "684"]
[TimeControl "900+5"]
[EndTime "16:52:06 PDT"]
[Termination "felipeurbano venceu por desistência"]

1. e4 e5 2. Nf3 Nf6 3. Nxe5 d6 4. Nf3 Nxe4 5. Qe2 Bf5 6. Nd4 g6 7. d3 Qe7 8. Nxf5 gxf5 9. dxe4 fxe4 10. Qb5+ Nc6 11.
Qxb7 1-0

[Event "Live Chess"]
[Site "Chess.com"]
[Date "2023.09.16"]
[Round "-"]
[White "MAndrade_Marques"]
[Black "ThiagoFantim"]
[Result "0-1"]
[WhiteElo "1622"]
[BlackElo "1670"]
[TimeControl "900+5"]
[EndTime "16:53:56 PDT"]
[Termination "ThiagoFantim venceu por desistência"]

1. c4 g6 2. Nc3 Bg7 3. d4 e6 4. e4 Ne7 5. Nf3 b6 6. Be3 Bb7 7. Bd3 d5 8. cxd5 exd5 9. e5 c5 10. dxc5 Nec6 11. cxb6 axb6 12. Bb5 O-O 13. Bd4 Nxd4 14.
Qxd4 Re8 15. Bxe8 Qxe8 16. O-O Ba6 17. Rfe1 Bc4 18. b3 Nc6 19. Qxb6 Ra6 20. Qe3 d4 21. Nxd4 Nxd4 22. Qxd4 Be6 23. Ne4 Qc6 24. Nf6+ Bxf6 25. exf6 Ra8 26. Rac1 Qe8 27. Re2 Rc8 28. Rce1 Qc6 29.
Qf4 Qc3 30. Rxe6 fxe6 31. f7+ Kf8 32. Qd6+ Kxf7 33. Qxe6+ Kg7 34. Qe7+ Kh6 35. Qh4+ Kg7 36. Re7+ Kf8 37. f4 Qc5+ 38. Kf1 Qxe7 0-1

[Event "Live Chess"]
[Site "Chess.com"]
[Date "2023.09.16"]
[Round "-"]
[White "MagnusCarlos1996"]
[Black "isiskrakatoa"]
[Result "1-0"]
[WhiteElo "1129"]
[BlackElo "634"]
[TimeControl "900+5"]
[EndTime "16:54:14 PDT"]
[Termination "MagnusCarlos1996 venceu por xeque-mate"]

1. e4 e5 2. Nf3 Nc6 3. d4 exd4 4.
Nxd4 d5 5. Nxc6 bxc6 6. Qe2 Be7 7.
Nc3 Nf6 8. exd5 Nxd5 9. Bd2 Nxc3 10. Bxc3 O-O 11. Rd1 Bd7 12. g3 Qc8 13. Bg2 Bg4 14.
f3 Be6 15. O-O Bc5+ 16. Kh1 f5 17. Qe5 Bd6 18. Qxg7# 1-0

[Event "Live Chess"]
[Site "Chess.com"]
[Date "2023.09.16"]
[Round "-"]
[White "marqueslua97"]
[Black "advRafael"]
[Result "1-0"]
[WhiteElo "1899"]
[BlackElo "1682"]
[TimeControl "900+5"]
[EndTime "16:54:29 PDT"]
[Termination "marqueslua97 venceu por desistência"]

1. e4 e6 2. d3 d5 3. Nd2 Nf6 4. Ngf3 dxe4 5. dxe4 Bc5 6. g3 O-O 7. Bg2 Nc6 8. O-O Qe7 9. Qe2 e5 10. Re1 Be6 11. Nf1 Rad8 12. Be3 Bxe3 13. Nxe3 Nd4 14.
Nxd4 exd4 15. Nf5 Qc5 16. e5 Nd5 17. Qe4 Bxf5 18. Qxf5 Ne7 19. Qh5 Ng6 20. Be4 Rfe8 21. Bd3 b6 22. f4 Qb4 23. e6 Rxe6 24. Rxe6 fxe6 25. f5 exf5 26. Rf1 Ne7 27. Qh4 Rf8 28. a3 Qd6 29. g4 f4 30. Qxh7+ Kf7 31. Qh5+ Kg8 32. Bh7+ 1-0

[Event "Live Chess"]
[Site "Chess.com"]
[Date "2023.09.16"]
[Round "-"]
[White "felipeurbano"]
[Black "MAndrade_Marques"]
[Result "0-1"]
[WhiteElo "1143"]
[BlackElo "1623"]
[TimeControl "900+5"]
[EndTime "16:59:13 PDT"]
[Termination "MAndrade_Marques venceu por xeque-mate"]

1. e4 e5 2. Nf3 Nc6 3. Bc4 Bc5 4. O-O d6 5. d3 Nf6 6. Bg5 h6 7. Bh4 O-O 8. Nc3 Be6 9. Bxe6 fxe6 10. Na4 Bb6 11.
Nc3 g5 12. Bg3 Nh5 13. h3 Nxg3 14. Kh2 Nh5 15. Ne2 Rxf3 16. gxf3 Nf4 17. Ng3 Qf8 18. Rh1 Bxf2 19. Qf1 Bxg3+ 20. Kxg3 Nh5+ 21. Kf2 Qf4 22. Rd1 Nd4 23. Kg2 Qg3# 0-1

[Event "Live Chess"]
[Site "Chess.com"]
[Date "2023.09.16"]
[Round "-"]
[White "mariabeatrizandrade"]
[Black "ThiagoFantim"]
[Result "0-1"]
[WhiteElo "684"]
[BlackElo "1670"]
[TimeControl "900+5"]
[EndTime "17:02:14 PDT"]
[Termination "ThiagoFantim venceu por desistência"]

1. e4 c5 2. Nf3 Nc6 3. d4 cxd4 4.
Nxd4 Nxd4 5. Qxd4 f6 6. Qe3 e5 7. Nc3 Bb4 8. Bd2 Ne7 9. O-O-O d6 10. f4 Bg4 11. Be2 Bxe2 12. Qxe2 Nc6 13. Nd5 Nd4 14. Qc4 Bxd2+ 15. Rxd2 Rc8 16. Qa4+ Rc6 17. Qxa7 O-O 18. Qxb7 Rf7 19. Qb4 Ra7 20. a3 Qc8 21. Nc3 Rb7 22. Nd5 Kh8 23. Ne7 Rxe7 0-1

[Event "Live Chess"]
[Site "Chess.com"]
[Date "2023.09.16"]
[Round "-"]
[White "Orionchess"]
[Black "Ilisunesp"]
[Result "1-0"]
[WhiteElo "1796"]
[BlackElo "1545"]
[TimeControl "900+5"]
[EndTime "17:02:41 PDT"]
[Termination "Orionchess venceu por desistência"]

1. d4 d5 2. e3 Nf6 3. Bd3 e6 4. Nd2 Bd6 5. f4 c6 6. Ngf3 Nbd7 7. c3 c5 8. Ne5 c4 9. Bc2 Be7 10. e4 Nxe5 11. fxe5 Nd7 12. exd5 exd5 13. O-O Nb6 14.
Qf3 Be6 15. Bf5 O-O 16. Bc2 f5 17. Qe2 Bg5 18. Nf3 Bxc1 19. Raxc1 Nc8 20. h4 Ne7 21. Ng5 Qd7 22. g4 fxg4 23. Bxh7+ Kh8 24. Qc2 Bf5 25. Bxf5 Nxf5 26. e6 Qd6 27. Nf7+ Rxf7 28. exf7 Ne3 29. Qh2 Qxh2+ 30. Kxh2 Nxf1+ 31. Rxf1 Rf8 32. Kg3 g6 33.
Kxg4 Kg7 34. Kg5 Rxf7 35. Rxf7+ Kxf7 36. h5 gxh5 37. Kxh5 a5 38. Kg5 Ke6 39. a4 b6 40.
Kg6 Kd7 41. Kf6 Kd6 42. Kf7 Kd7 43. Kf6 Kd6 44. Kf5 Kc7 45. Ke5 Kc6 46. Ke6 b5 47.
axb5+ Kxb5 48. Kxd5 a4 49. Ke6 1-0

[Event "Live Chess"]
[Site "Chess.com"]
[Date "2023.09.16"]
[Round "-"]
[White "isiskrakatoa"]
[Black "advRafael"]
[Result "0-1"]
[WhiteElo "634"]
[BlackElo "1682"]
[TimeControl "900+5"]
[EndTime "17:04:31 PDT"]
[Termination "advRafael venceu por xeque-mate"]

1. e4 e6 2. Nc3 d5 3. exd5 exd5 4. d4 Nf6 5. Nf3 Be7 6. Be2 O-O 7. O-O c6 8. Bg5 Bf5 9. Bxf6 Bxf6 10. a4 Nd7 11.
b4 Qb6 12. b5 c5 13. Nxd5 Qd6 14.
Nxf6+ Nxf6 15. dxc5 Qxc5 16. c4 Rfd8 17. Qb3 Ne4 18.
Qe3 Qxe3 19. fxe3 Be6 20. Bd3 Nc5 21. Rad1 Nxa4 22. Nd4 Bg4 23. Be4 Bxd1 24. Rxd1 Nc3 25. Bxb7 Nxd1 26. Bxa8 Rxa8 27. c5 Nxe3 28. c6 Nd5 29.
Nf5 Rb8 30. Nd6 Kf8 31. g4 Ke7 32. Nf5+ Kf6 33. h4 Rxb5 34. h5 Nc7 35. Nd6 Rb6 36.
Ne4+ Ke7 37. g5 Rxc6 38. g6 fxg6 39. hxg6 hxg6 40. Ng5 a5 41. Ne4 Rc2 42. Kf1 a4 43. Ke1 a3 44. Kd1 Rh2 45. Kc1 a2 46. Ng5 a1=Q# 0-1

[Event "Live Chess"]
[Site "Chess.com"]
[Date "2023.09.16"]
[Round "-"]
[White "generalhuxx99silva"]
[Black "MatheusMPD"]
[Result "1-0"]
[WhiteElo "1542"]
[BlackElo "1589"]
[TimeControl "900+5"]
[EndTime "17:08:01 PDT"]
[Termination "generalhuxx99silva venceu por desistência"]

1. c4 c5 2. Nf3 Nf6 3. Nc3 d5 4. cxd5 Nxd5 5. Nxd5 Qxd5 6. g3 Nc6 7. Bg2 Qd7 8. a4 g6 9. O-O Bg7 10. a5 a6 11. Re1 O-O 12. d3 Qc7 13. Bf4 e5 14. Bd2 Re8 15. h4 Bf5 16. Ng5 h6 17. Ne4 b6 18.
axb6 Qxb6 19. Nd6 Red8 20. Nxf5 gxf5 21. Qc1 Nd4 22. Ba5 Qb5 23. Bxd8 Rxd8 24. Qc3 e4 25. Qa5 Rb8 26. Qxa6 Nc2 27. Qxb5 Rxb5 28. Ra8+ Kh7 29. Rc1 Nd4 30. Bh3 Kg6 31. Kg2 Nxe2 32. Ra6+ Bf6 33. h5+ Kg5 34. Rc4 Rxb2 35. Rxc5 Nxg3 36. Kxg3 Kxh5 37. Rxf5+ Kg6 38. Raxf6+ 1-0

[Event "Live Chess"]
[Site "Chess.com"]
[Date "2023.09.16"]
[Round "-"]
[White "Ilisunesp"]
[Black "isiskrakatoa"]
[Result "1-0"]
[WhiteElo "1545"]
[BlackElo "634"]
[TimeControl "900+5"]
[EndTime "17:09:15 PDT"]
[Termination "Ilisunesp venceu por xeque-mate"]

1. e4 e5 2. Nf3 Nf6 3. Bc4 Nxe4 4. Nxe5 Nf6 5. Bxf7+ Ke7 6. Nc3 d6 7. Nd5+ Nxd5 8. Bxd5 dxe5 9. Qf3 c6 10. Bb3 Be6 11. Bxe6 Kxe6 12. d3 Ke7 13. Bg5+ Ke8 14. Bxd8 Kxd8 15.
O-O Bc5 16. Rfe1 Bd4 17. c3 Bxf2+ 18. Qxf2 Nd7 19. Qh4+ Kc7 20. Rf1 Nc5 21. Rf7+ Kb6 22. Qb4+ Ka6 23. Qxc5 b6 24. Qxc6 Rac8 25. Qa4# 1-0

[Event "Live Chess"]
[Site "Chess.com"]
[Date "2023.09.16"]
[Round "-"]
[White "mariabeatrizandrade"]
[Black "felipeurbano"]
[Result "0-1"]
[WhiteElo "676"]
[BlackElo "1146"]
[TimeControl "900+5"]
[EndTime "17:10:42 PDT"]
[Termination "felipeurbano venceu por xeque-mate"]

1. e4 e5 2. Nf3 Nc6 3. d4 exd4 4. Nxd4 d6 5. Nc3 Bd7 6. Bd2 Nxd4 7. Be3 Nc6 8. Bd3 Nf6 9. Nd5 Nxd5 10. exd5 Ne5 11.
O-O Qh4 12. g3 Qh3 13. f4 Ng4 14. Qd2 O-O-O 15. Bxa7 Re8 16. Rf2 Nxf2 17. Qxf2 Be7 18. Qd4 Bf6 19. Qc4 Kd8 20. Bb8 c6 21. dxc6 Bxc6 22.
Qxf7 Qg2# 0-1

[Event "Live Chess"]
[Site "Chess.com"]
[Date "2023.09.16"]
[Round "-"]
[White "isiskrakatoa"]
[Black "generalhuxx99silva"]
[Result "0-1"]
[WhiteElo "634"]
[BlackElo "1542"]
[TimeControl "900+5"]
[EndTime "17:13:15 PDT"]
[Termination "generalhuxx99silva venceu por xeque-mate"]

1. e4 e6 2. Nf3 d5 3. e5 c5 4. d4 Nc6 5. dxc5 Bxc5 6. Be3 f6 7.
Bxc5 Qa5+ 8. c3 Qxc5 9. exf6 Nxf6 10. Nd4 Nxd4 11. cxd4 Qa5+ 12. Nd2 O-O 13. a3 e5 14.
b4 Qc7 15. dxe5 Qxe5+ 16. Be2 Ng4 17. O-O Qxh2# 0-1

[Event "Live Chess"]
[Site "Chess.com"]
[Date "2023.09.16"]
[Round "-"]
[White "L_lawliet_03"]
[Black "ppsobral"]
[Result "0-1"]
[WhiteElo "1532"]
[BlackElo "1062"]
[TimeControl "900+5"]
[EndTime "17:14:06 PDT"]
[Termination "ppsobral venceu por xeque-mate"]

1. d4 Nf6 2. c4 d6 3. Nc3 g6 4. e4 Bg7 5. Nf3 O-O 6. Be2 Re8 7. Bd3 e5 8. O-O exd4 9. Nxd4 Nfd7 10. Nf3 Nc5 11. Re1 Nxd3 12. Qxd3 Nd7 13. b4 a5 14.
bxa5 Rxa5 15. Bd2 Nc5 16. Qc2 b6 17. Nd5 Bxa1 18. Bxa5 bxa5 19. Rxa1 Rxe4 20. Re1 Bf5 21. Rxe4 Bxe4 22. Qc3 Bxd5 23. cxd5 a4 24. Nd4 Qf6 25.
Qe3 Kg7 26. h3 h5 27. Nc6 Qa1+ 28. Kh2 Qxa2 29. Qc3+ Kh7 30. Qf6 Qxd5 31. Ne7 Ne4 32. Nxd5 Nxf6 33. Nxf6+ Kg7 34. Nd5 a3 35. Nc3 Kf6 36.
Kg3 Ke5 37. Kf3 Kd4 38. Na2 Kd3 39. g4 hxg4+ 40. hxg4 c5 41. Nc1+ Kc2 42. Na2 Kb2 43. Kf4 Kxa2 44. Kg5 Kb3 45. Kf6 a2 46. Kxf7 a1=Q 47. Kxg6 Qb1+ 48. Kg5 d5 49. f4 d4 50. f5 d3 51. f6 Qc1+ 52. Kg6 Qc2 53. Kg7 d2 54. f7 Qc3+ 55. Kg6 Qd3+ 56. Kg7 Qd4+ 57.
Kg6 Qxg4+ 58. Kf6 Qf4+ 59. Ke7 Qxf7+ 60. Kxf7 d1=Q 61. Ke6 c4 62. Kf5 c3 63. Kf4 c2 64.
Ke4 c1=Q 65. Kf5 Qe3 66. Kg6 Qdf3 67. Kh7 Qg5 68. Kh8 Qh3# 0-1